 Dungeon Crawl Stone Soup version 0.26.0-9-gab577f9fc5 (webtiles) character file.

Game seed: 8244710774778931947

14690 FreshCat the Ripper (level 11, 0/55 HPs)
             Began as a Felid Berserker on Jan 13, 2021.
             Was an Elder of Trog.
             Slain by Jorgrun
             ... wielding a +0 vorpal quarterstaff
              (2 damage)
             ... while petrified by Jorgrun
             ... on level 12 of the Dungeon.
             The game lasted 01:17:23 (19263 turns).

FreshCat the Ripper (Felid Berserker)              Turns: 19263, Time: 01:17:24

Health: 0/55       AC: 11    Str: 16    XL:     11   Next: 92%
Magic:  12/12      EV:  1    Int: 10    God:    Trog [****..]
Gold:   930        SH:  0    Dex: 18    Spells: 10/10 levels left
                                        Lives:  0   Deaths: 2

rFire    . . .     SeeInvis +     - Unarmed
rCold    + . .     Faith    .   (shield unavailable)
rNeg     + + +     Spirit   .   (armour unavailable)
rPois    ∞         Reflect  +   (helmet unavailable)
rElec    .         Harm     .   (cloak unavailable)
rCorr    .         Rampage  .   (gloves unavailable)
Will     +....                  (boots unavailable)
Stlth    ++++++....             H - amulet "Buab" {Reflect +Blink Dex+2 SH+5}
HPRegen  0.18/turn              d - +4 ring of protection
MPRegen  0.13/turn              F - +4 ring of protection

@: petrified, grasped by roots, berserk cooldown, slowed, constricted, quick
A: very small, no armour, no weapons or thrown items, stealth, claws 1, fangs 3,
see invisible, speed 1, shaggy fur 3, sharp paws
a: Renounce Religion, Evoke Blink, Berserk, Trog's Hand, Brothers in Arms


You were on level 12 of the Dungeon.
You worshipped Trog.
Trog was greatly pleased with you.
You visited 3 branches of the dungeon, and saw 18 of its levels.
You also visited: Gauntlet.

You collected 1034 gold pieces.
You spent 104 gold pieces at shops.

Inventory:

Jewellery
 c - an uncursed ring of fire
 d - a +4 ring of protection (left paw)
 e - a +6 ring of dexterity
 B - a +6 ring of intelligence
 C - an uncursed ring of resist corrosion
 F - a +4 ring of protection (right paw)
 H - the amulet "Buab" (around neck) {Reflect +Blink Dex+2 SH+5}
   (You found it in a Gauntlet)

   [amulet of reflection]

   It shields you and reflects attacks.
   It affects your dexterity (+2).
   It lets you blink.
   It affects your SH (+5).
 K - a +6 ring of dexterity
 L - an uncursed ring of magical power
Wands
 j - a wand of digging (16)
 l - a wand of random effects (20)
 p - a wand of flame (38)
 q - a wand of iceblast (21)
 u - a wand of polymorph (11)
Scrolls
 a - a scroll of noise {unknown}
 b - 8 scrolls of remove curse
 h - 2 scrolls of teleportation
 k - 2 scrolls of fog
 r - 4 scrolls of holy word
 s - 3 scrolls of fear
 v - 3 scrolls of magic mapping
 w - a scroll of enchant armour
 y - a scroll of amnesia
 D - 3 scrolls of immolation {unknown}
 E - 3 scrolls of blinking
 N - a scroll of silence {unknown}
 O - a scroll of identify
Potions
 f - 2 potions of attraction
 g - a potion of might
 i - 2 potions of lignification
 m - 4 potions of brilliance
 n - a potion of flight
 o - 10 potions of curing
 t - a potion of berserk rage
 x - a potion of heal wounds
 z - 3 potions of invisibility
 A - a potion of haste
 G - a potion of mutation
 M - a potion of cancellation
Miscellaneous
 I - a box of beasts
 J - a lightning rod (4/4)


   Skills:
 * Level 10.4 Fighting
 + Level 11.6 Dodging
 + Level 14.6 Stealth
 + Level 15.3 Unarmed Combat
 + Level 2.3 Evocations


You had 10 spell levels left.
You didn't know any spells.
Your spell library contained the following spells:

 Spells                   Type           Power        Failure   Level
 Animate Skeleton         Necr           0%           36%         1
 Apportation              Tloc           0%           36%         1
 Corona                   Hex            0%           36%         1
 Magic Dart               Conj           0%           36%         1
 Shock                    Conj/Air       0%           36%         1
 Summon Small Mammal      Summ           0%           36%         1
 Blink                    Tloc           N/A          50%         2
 Call Imp                 Summ           0%           50%         2
 Slow                     Hex            0%           50%         2
 Swiftness                Air            0%           50%         2
 Conjure Flame            Conj/Fire      0%           75%         3
 Mephitic Cloud           Conj/Pois/Air  0%           75%         3
 Static Discharge         Conj/Air       0%           75%         3
 Airstrike                Air            0%           98%         4
 Lightning Bolt           Conj/Air       0%           100%        5
 Ignition                 Fire           0%           100%        8
 Shatter                  Erth           0%           100%        9
 Tornado                  Air            0%           100%        9


Dungeon Overview and Level Annotations

Branches:
Dungeon (13/15)            Temple (1/1) D:4            Lair (4/6) D:11
 Spider (0/4) Lair:2          Orc (0/2) D:11        Gauntlet (visited)
  Swamp: Lair:2-4    Shoals: Lair:2-4    Vaults: D:13-14

Altars:
Ashenzari
Cheibriados
Dithmenos
Elyvilon
Fedhas
Makhleb
Qazlal
Ru
Sif Muna
Trog
Wu Jian
Yredelemnul
Beogh

Shops:
D:6 }   D:9 *

Annotations:
D:7 2 transporters
D:12 Jorgrun
Lair:3 exclusion: killer bee


Innate Abilities, Weirdness & Mutations

You cannot wear armour.
You are incapable of wielding weapons or throwing items.
Your paws allow you to move quietly. (Stealth)
You have sharp claws.
You have razor-sharp teeth.
You have supernaturally acute eyesight. (SInv)
You cover ground quickly.
Your thick and shaggy fur keeps you warm. (AC +3, rC+)
Your sharp claws are effective at attacking unaware monsters.


Message History

Jorgrun is nearby!
Jorgrun points at you and mumbles some strange words.
You are slowing down.
You feel much better.
You have turned to stone.
Jorgrun gestures at you while chanting.
You shatter!!!
Ouch! That really hurt!
Jorgrun points at you and mumbles some strange words.
The iron shot hits you!!
Jorgrun points at you and mumbles some strange words.
Roots burst forth from the earth!
The grasping roots grab you!
* * * LOW HITPOINT WARNING * * *
The grasping roots constrict you!
Jorgrun hits you with a +0 vorpal quarterstaff!
* * * LOW HITPOINT WARNING * * *
x3 The grasping roots constrict you!
Jorgrun hits you with a +0 vorpal quarterstaff.
* * * LOW HITPOINT WARNING * * *
You die...

......(................########.#
.......................#.........
.......................#.....)...
########################.........
................>................
.......................##########
............(..........#(.)......
.......................#()(.(....
................@......#(()......
.................g.....#.........
########...............#'####'###
.......#...............[..# ....#
.......#..................# ...#
.......#......[÷.....<....# ...#
.......#..................# ...#
####'####'####'######.#...# ####
..#....#....#................#...


You could see Jorgrun.

Vanquished Creatures
  A minotaur (Gauntlet)
  A boulder beetle (D:11)
  A hydra (Lair:3)
  5 two-headed ogres
  Erica (D:8)
  A death yak (Lair:3)
  2 unseen horrors
  Pikel (D:4)
  An ugly thing (D:11)
  A deep elf mage (D:12)
  A manticore (D:11)
  Maurice (D:9)
  Joseph (D:9)
  3 black mambas
  Psyche (D:12)
  A gargoyle (D:11)
  3 centaur skeletons
  An ice statue (Gauntlet)
  Maggie (D:6)
  6 cane toads
  2 rime drakes
  A kobold demonologist (D:12)
  3 komodo dragons
  A red devil (Gauntlet)
  A tyrant leech (Gauntlet)
  2 trolls
  2 jumping spiders
  5 blink frogs (Lair:3)
  A wyvern (Lair:3)
  A vampire (D:6)
  22 yaks
  A basilisk (Lair:1)
  Eustachio (D:5)
  Menkaure (D:5)
  3 soldier ants (D:11)
  Edmund (D:4)
  4 swamp worms (Gauntlet)
  8 water moccasins
  Duvessa (D:6)
  7 orc warriors
  10 ice beasts
  2 sky beasts
  2 black bears
  A necrophage (D:9)
  4 phantoms
  3 centaurs
  6 ogres
  9 wolves
  2 big kobolds (D:12)
  A gnoll sergeant (D:7)
  19 bullfrogs
  Dowan (D:6)
  A wyvern skeleton (D:5)
  4 scorpions
  4 wights
  3 electric eels (D:7)
  3 howler monkeys
  3 crimson imps (Gauntlet)
  A quasit (D:4)
  3 hounds
  2 bullfrog zombies
  7 jellies
  13 orc wizards
  13 orc priests
  Crazy Yiuf (D:5)
  3 bullfrog skeletons
  4 iguanas
  27 worker ants
  3 hound zombies
  3 hound skeletons
  3 worker ant zombies
  7 gnolls
  7 adders
  3 shadow imps
  A white imp (D:6)
  8 oozes
  2 adder zombies (D:8)
  3 worms
  3 dart slugs
  3 leopard geckos
  56 orcs
  8 bats
  5 giant cockroaches
  3 goblins
  8 hobgoblins
  8 jackals
  21 kobolds
  4 quokkas
  A ball python (D:7)
  A jackal zombie (D:5)
  3 quokka zombies
  8 rats
426 creatures vanquished.

Vanquished Creatures (collateral kills)
  A queen ant (D:11)
  A smoke demon (Gauntlet)
  A centaur skeleton (D:11)
  2 cane toads (Lair:3)
  2 yaks (D:11)
  Grum (D:9)
  A basilisk (D:10)
  3 soldier ants (D:11)
  4 ice beasts
  A wolf (D:9)
  An ogre (D:9)
  A bullfrog (D:10)
  4 wights
  An orc wizard (D:11)
  5 worker ants (D:11)
  An orc (D:11)
  A quokka (D:9)
31 creatures vanquished.

Vanquished Creatures (others)
  A worker ant (D:11)
  A shadow imp (D:7)
  7 bushes (Lair:1)
  19 fungi
  32 plants
  5 toadstools (D:3)
  26 withered plants (Gauntlet)
91 creatures vanquished.

Grand Total: 548 creatures vanquished

Notes
Turn   | Place    | Note
-------+----------+-------------------------------------------
     0 | D:1      | FreshCat the Felid Berserker began the quest for the Orb.
     0 | D:1      | Reached XP level 1. HP: 10/10 MP: 2/2
   119 | D:1      | Reached XP level 2. HP: 14/14 MP: 3/3
   398 | D:1      | Reached skill level 1 in Stealth
   775 | D:3      | Reached XP level 3. HP: 17/17 MP: 4/4
   985 | D:3      | Reached ** piety under Trog
  1026 | D:3      | Reached skill level 4 in Unarmed Combat
  1026 | D:3      | Reached XP level 4. HP: 21/21 MP: 5/5
  1080 | D:3      | Reached skill level 5 in Dodging
  1406 | D:3      | Reached XP level 5. HP: 24/24 MP: 6/6
  2067 | D:2      | Noticed a phantom
  2154 | D:2      | Reached *** piety under Trog
  2195 | D:2      | Killed a phantom
  2196 | D:2      | Reached skill level 5 in Unarmed Combat
  2196 | D:2      | Gained mutation: You are covered in thick fur. (AC +2)
                  | [Felid growth]
  2196 | D:2      | Reached XP level 6. HP: 28/28 MP: 7/7
  3221 | D:3      | Reached skill level 6 in Unarmed Combat
  3533 | D:4      | Noticed Edmund
  3620 | D:5      | Entered Level 5 of the Dungeon
  3626 | D:5      | Reached XP level 7. HP: 31/31 MP: 8/8
  3872 | D:5      | Reached skill level 5 in Stealth
  4212 | D:4      | Killed Edmund
  4253 | D:4      | Found a staircase to the Ecumenical Temple.
  4259 | Temple   | Entered the Ecumenical Temple
  4315 | D:4      | Reached skill level 7 in Unarmed Combat
  4383 | D:4      | Found a white marble altar of Elyvilon.
  4474 | D:4      | Reached XP level 8. HP: 36/36 MP: 9/9
  4616 | D:4      | Reached **** piety under Trog
  5217 | D:5      | Noticed Menkaure
  5221 | D:5      | Killed Menkaure
  5238 | D:5      | Noticed Pikel
  5258 | D:4      | Killed Pikel
  5259 | D:4      | Reached skill level 8 in Unarmed Combat
  5382 | D:5      | Found a runed translucent door.
  5383 | D:5      | Noticed Crazy Yiuf
  5394 | D:5      | Killed Crazy Yiuf
  5433 | D:5      | Reached XP level 9. HP: 40/40 MP: 10/10
  5481 | D:5      | Found a sacrificial altar of Ru.
  5486 | D:5      | Noticed Eustachio
  5507 | D:5      | Reached skill level 9 in Unarmed Combat
  5523 | D:5      | Killed Eustachio
  5524 | D:5      | Reached skill level 5 in Fighting
  5679 | D:6      | Found Kusubat's Gadget Shoppe.
  5679 | D:6      | Noticed Duvessa
  5679 | D:6      | Noticed Dowan
  5691 | D:6      | Killed Duvessa
  5693 | D:6      | Killed Dowan
  5883 | D:6      | Bought a wand of flame (14) for 104 gold pieces
  6131 | D:6      | Noticed Maggie
  6149 | D:6      | Killed Maggie
  6419 | D:6      | Reached skill level 10 in Unarmed Combat
  7311 | D:7      | Reached skill level 10 in Stealth
  7603 | D:7      | Reached XP level 10. HP: 39/45 MP: 11/11
  7613 | D:7      | Reached ***** piety under Trog
  7711 | D:7      | Found a roughly hewn altar of Beogh.
  7711 | D:7      | Found a transporter.
  7829 | D:7      | Found a transporter.
  8318 | D:8      | Noticed Erica
  8329 | D:8      | Killed Erica
  8525 | D:8      | Found a shadowy altar of Dithmenos.
  8606 | D:8      | You fall into a shaft and drop 3 floors!
  8638 | D:11     | Reached skill level 11 in Unarmed Combat
  8652 | D:11     | Noticed a gargoyle
  8768 | D:10     | Entered Level 10 of the Dungeon
  8782 | D:10     | Noticed an unseen horror
  8786 | D:10     | Killed an unseen horror
  8999 | D:9      | Found Womocom's Whimsical Warehouse.
  9015 | D:9      | Noticed Grum
  9216 | D:9      | Noticed Joseph
  9218 | D:9      | Killed Joseph
  9251 | D:9      | Noticed Maurice
  9267 | D:9      | Killed Maurice
  9712 | D:10     | Noticed a two-headed ogre
  9748 | D:9      | Found a burning altar of Makhleb.
  9981 | D:9      | Reached XP level 11. HP: 50/50 MP: 12/12
 10010 | D:9      | Killed Grum
 10586 | D:10     | Noticed a two-headed ogre
 10588 | D:10     | Killed a two-headed ogre
 10589 | D:10     | Reached skill level 12 in Unarmed Combat
 10596 | D:10     | Killed a two-headed ogre
 11442 | D:11     | Noticed a boulder beetle
 11450 | D:11     | Killed a boulder beetle
 11523 | D:11     | Noticed a two-headed ogre
 12041 | D:11     | Noticed a two-headed ogre
 12050 | D:11     | Killed a two-headed ogre
 12051 | D:11     | Reached skill level 10 in Dodging
 12103 | D:11     | Reached skill level 13 in Unarmed Combat
 12143 | D:11     | Noticed a queen ant
 12214 | D:11     | Killed a queen ant
 12219 | D:11     | Noticed an unseen horror
 12236 | D:11     | Killed an unseen horror
 12237 | D:11     | Gained mutation: Your thick and shaggy fur keeps you warm.
                  | (AC +3, rC+) [Felid growth]
 12237 | D:11     | Reached XP level 12. HP: 31/56 MP: 13/13
 12270 | D:11     | Killed a two-headed ogre
 12469 | D:12     | Noticed Psyche
 12639 | D:11     | Found a staircase to the Orcish Mines.
 12981 | D:11     | Found a staircase to the Lair.
 13488 | Lair:1   | Entered Level 1 of the Lair of Beasts
 13887 | Lair:1   | Found a gate leading to a gauntlet.
 13894 | Gauntlet | Entered a Gauntlet
 13894 | Gauntlet | Found a transporter.
 13903 | Gauntlet | Found a transporter.
 13918 | Gauntlet | Found a transporter.
 13923 | Gauntlet | Found a transporter.
 13938 | Gauntlet | Found a transporter.
 13940 | Gauntlet | Noticed a reaper
 13957 | Gauntlet | Found a transporter.
 13969 | Gauntlet | Found a transporter.
 13981 | Gauntlet | Found a transporter.
 13989 | Gauntlet | Found a large runed translucent door.
 13990 | Gauntlet | Found a large runed translucent door.
 13991 | Gauntlet | Found a large runed translucent door.
 13991 | Gauntlet | Found a large runed translucent door.
 13992 | Gauntlet | Found a runed translucent gate.
 13993 | Gauntlet | Found a transporter.
 13993 | Gauntlet | Found a runed translucent gate.
 13994 | Gauntlet | Found a runed translucent gate.
 13995 | Gauntlet | Found a large runed translucent door.
 13995 | Gauntlet | Found a large runed translucent door.
 13996 | Gauntlet | Found a large runed translucent door.
 13997 | Gauntlet | Found a large runed translucent door.
 14005 | Gauntlet | Found a transporter.
 14007 | Gauntlet | Found a large runed translucent door.
 14007 | Gauntlet | Found a large runed translucent door.
 14007 | Gauntlet | Found a runed translucent door.
 14007 | Gauntlet | Found a runed translucent door.
 14008 | Gauntlet | Found a large runed translucent door.
 14009 | Gauntlet | Found a large runed translucent door.
 14011 | Gauntlet | Found a transporter.
 14033 | Gauntlet | Found a transporter.
 14050 | Gauntlet | Found a large runed translucent door.
 14050 | Gauntlet | Found a transporter.
 14050 | Gauntlet | Found a large runed translucent door.
 14051 | Gauntlet | Found a large runed translucent door.
 14075 | Gauntlet | Found a transporter.
 14077 | Gauntlet | Found a transporter.
 14097 | Gauntlet | Found a transporter.
 14177 | Gauntlet | Found a transporter.
 14272 | Gauntlet | Found a transporter.
 14293 | Gauntlet | Found a large runed translucent door.
 14403 | Gauntlet | Reached skill level 14 in Unarmed Combat
 14438 | Gauntlet | Got a slimy crystal amulet
 14444 | Gauntlet | Identified the amulet "Buab" {Reflect +Blink Dex+2 SH+5}
                  | (You found it in a Gauntlet)
 14636 | Gauntlet | Noticed a minotaur
 14647 | Gauntlet | Killed a minotaur
 15295 | Lair:1   | Noticed a shambling mangrove
 15295 | Lair:1   | an oklob plant changed into a shambling mangrove
 15545 | Lair:2   | Reached skill level 1 in Evocations
 16239 | Lair:2   | Found a hole to the Spider Nest.
 16258 | Lair:2   | HP: 2/58 [jumping spider (11)]
 16258 | Lair:2   | Slain by a redback
 16259 | Lair:2   | Reached XP level 11. HP: -2/54 MP: 12/12
 16622 | Lair:4   | Noticed a death yak
 16622 | Lair:4   | Noticed a death yak
 16844 | Lair:3   | Reached XP level 12. HP: 46/58 MP: 13/13
 17035 | Lair:3   | Noticed a catoblepas
 17118 | Lair:3   | Reached skill level 10 in Fighting
 17352 | Lair:3   | Noticed a six-headed hydra
 17370 | Lair:3   | Killed a six-headed hydra
 17393 | Lair:3   | Reached skill level 15 in Unarmed Combat
 17525 | Lair:4   | HP: 2/58 [catoblepas (15)]
 17527 | Lair:4   | Slain by a catoblepas
 17528 | Lair:4   | Reached XP level 11. HP: -2/54 MP: 12/12
 17546 | Lair:4   | Noticed a death yak
 17548 | Lair:4   | Noticed a death yak
 17549 | Lair:4   | Noticed a death yak
 17566 | Lair:3   | Killed a death yak
 18436 | D:13     | Noticed a two-headed ogre
 18442 | D:13     | Killed a two-headed ogre
 18692 | D:12     | Noticed a deep elf mage
 18699 | D:12     | Killed a deep elf mage
 18962 | D:12     | Killed Psyche
 19234 | D:12     | Noticed Jorgrun
 19262 | D:12     | HP: 2/55 [Jorgrun/+0 vorpal quarterstaff (3)]
 19263 | D:12     | Slain by Jorgrun

Illustrated notes

Levels and vault maps discovered:
D:1:      dpeg_arrival_lava_altar, layout_rooms
D:2:      layout_loops_ring
D:3:      cheibrodos_fertilizer, layout_basic, cheibrodos_sewer_entry_bend
D:4:      layout_basic, elyvilon_altar_3, minmay_temple_entry_fiery,
          minivault_1, uniq_edmund
D:5:      layout_basic, nicolae_ru_sacrificial_ziggurat, uniq_menkaure,
          uniq_eustachio, uniq_crazy_yiuf_cottage, uniq_pikel
D:6:      layout_layer_cave, serial_shops, shop, minivault_1, uniq_duvessa,
          uniq_maggie
D:7:      gammafunk_beogh_shrine, layout_rooms, kennysheep_boxes
D:8:      layout_loops_ring, grunt_dithmenos_shadows, special_room
          [special_room_orc], uniq_erica
D:9:      layout_loops_cross, makhleb_blood_cavern_becter,
          nicolae_alphabet_shops, uniq_maurice, uniq_grum, uniq_joseph
D:10:     layout_basic, chequers_serial_rivers_small_b
D:11:     layout_layer_cave, grunt_lair_entry_orc_guard_hut, orc_0_dummy,
          portal_ice_cave_entry_ice_beasts, zaba_antful_of_joy
D:12:     layout_grid_maze, uniq_psyche, uniq_jorgrun
D:13:     layout_basic, skrybe_vaults_entry_preservation,
          kennysheep_generic_room_8
Temple:   eino_narrow_crystal_temple
Lair:1:   layout_loops_ring, gauntlet_entry_generic,
          chequers_serial_rivers_micro_e, minmay_lair_oklob_bushes,
          serial_bayou_shore_b
Lair:2:   layout_cave_pods, spider_nest_entry_funnel_web, grunt_megastairs_3
Lair:3:   layout_roguey, special_room [special_room_bee], grunt_megastairs_5
Lair:4:   layout_regular_city, shoals_dummy_entry, grunt_megastairs_2,
          serial_bayou_shore_b

Skill      XL: |  1  2  3  4  5  6  7  8  9 10 11 12 |
---------------+-------------------------------------+-----
Stealth        | 1 2 3 4 6 8 10 11 13 14 | 14.6
Unarmed Combat | 4 5 6 7 8 10 11 13 15 | 15.3
Dodging        | 5 6 7 8 9 10 11 | 11.6
Fighting       | 4 6 7 8 10 | 10.4
Evocations     | 2 |  2.3

Action                   |  1- 3 |  4- 6 |  7- 9 | 10-12 || total
-------------------------+-------+-------+-------+-------++-------
Melee: Unarmed           |    66 |   150 |   289 |   749 ||  1254
       Bite              |     4 |    18 |    34 |   104 ||   160
       Punch             |       |     3 |    10 |    50 ||    63
Invok: Berserk           |     2 |     7 |    10 |    27 ||    46
       Trog's Hand       |       |       |     3 |     8 ||    11
       Brothers in Arms  |       |       |       |    17 ||    17
 Abil: Evoke Blink       |       |       |       |     2 ||     2
Evoke: Wand              |       |       |       |    22 ||    22
  Use: Scroll            |     1 |     6 |     5 |    14 ||    26
       Potion            |     2 |     1 |     1 |     5 ||     9
 Stab: Sleeping          |     7 |    10 |    26 |    43 ||    86
       Distracted        |       |       |     2 |     4 ||     6
       Paralysed         |       |       |       |     2 ||     2
Armor: Skin              |     2 |    12 |    26 |    51 ||    91
Dodge: Dodged            |    44 |   116 |   231 |   730 ||  1121
Block: Other             |       |       |       |    49 ||    49
       Reflection        |       |       |       |     2 ||     2
